Map: Rainfall LE

Players

IIIIIIIIIIII

  • Race: Terran Terran
  • League: Master

GosuReaper - Winner!

  • Race: Protoss Protoss
  • League: Grandmaster

VOD

Have the link to the VOD?

Description

Time

  • Played on: Sept. 27, 2026, 7:13 p.m.
  • Length: 8:57
Show
View Real Time Build Order
Export as new Build Order

IIIIIIIIIIII Terran 

Build Orders:  

Get SALT Encoding   

  8  0:00  SCV  
  9  0:12  SCV  
  10  0:24  SCV  
  10  0:27  Supply Depot  
  11  0:37  SCV  
  12  0:49  SCV  
  13  0:53  Barracks  
  13  1:02  Refinery  
  13  1:05  SCV  
  14  1:17  SCV  
  15  1:18  Refinery  
  15  1:29  SCV  
  16  1:41  Orbital Command  
  16  1:44  Reaper  
  17  2:03  Factory  
  17  2:08  SCV  
  18  2:11  Supply Depot  
  18  2:18  Reaper  
  18  2:20  SCV  
  20  2:32  SCV  
  22  2:44  SCV, Command Center  
  24  2:56  Barracks Reactor  
  24  2:58  Factory Tech Lab, SCV  
  23  3:10  Supply Depot  
  23  3:11  SCV  
  24  3:16  Cyclone  
  27  3:23  SCV  
  28  3:34  Marine x2  
  28  3:35  SCV  
  31  3:46  Starport  
  31  3:47  SCV  
  32  3:52  Marine x2  
  34  3:55  Orbital Command  
  34  3:59  SCV  
  35  4:05  Siege Tank  
  35  4:09  Marine x2  
  38  4:11  SCV  
  38  4:12  Supply Depot  
  41  4:23  SCV  
  41  4:24  Medivac  
  41  4:27  SCV  
  43  4:33  Marine x2  
  43  4:35  Supply Depot  
  43  4:37  Barracks  
  45  4:39  SCV  
  45  4:40  SCV  
  47  4:49  Siege Tank  
  47  4:51  Marine x2  
  47  4:52  SCV x2  
  54  4:57  Supply Depot  
  54  5:05  SCV  
  54  5:06  SCV, Barracks  
  56  5:17  SCV  
  56  5:18  Marine x2  
  56  5:19  Starport Tech Lab  
  56  5:20  SCV  
  59  5:23  Engineering Bay  
  59  5:25  Refinery  
  59  5:29  SCV  
  59  5:34  SCV  
  59  5:41  SCV  
  59  5:46  SCV  
  57  5:52  Terran Infantry Weapons Level 1  
  57  5:53  SCV  
  57  5:56  Starport Reactor, Marine x2  
  60  5:58  SCV  
  60  6:00  Stimpack  
  61  6:05  SCV  
  61  6:07  Combat Shield  
  61  6:08  Marine  
  61  6:10  SCV  
  61  6:11  Marine  
  65  6:14  Marine  
  65  6:17  SCV  
  67  6:22  SCV  
  64  6:29  SCV  
  62  6:34  SCV  
  62  6:37  Marine x4  
  62  6:39  Medivac  
  69  6:40  Medivac  
  69  6:41  SCV  
  69  6:46  Supply Depot, SCV  
  73  6:53  SCV  
  74  6:55  Missile Turret  
  74  6:57  Missile Turret  
  74  7:07  Marine x4  
  78  7:11  Supply Depot x2  
  78  7:13  SCV  
  79  7:16  Medivac  
  81  7:24  SCV  
  81  7:26  Concussive Shells  
  82  7:33  Marine x3, Medivac, SCV  
  88  7:42  Marine  
  84  7:50  Barracks, Marine x3  
  87  7:52  Barracks, SCV x2  
  87  7:55  Supply Depot  
  87  7:57  Factory Reactor  
  89  7:59  Marine  
  89  8:02  Medivac  
  92  8:07  SCV  
  92  8:08  Marine x3  
  92  8:09  Command Center  
  81  8:23  Marine, Medivac  
  81  8:26  Marine  
  83  8:28  SCV  
Show
View Real Time Build Order
Export as new Build Order

GosuReaper Protoss - Winner!

Build Orders: Phoenix Opening 

Get SALT Encoding   

  8  0:00  Probe (Chrono Boost)  
  9  0:12  Probe (Chrono Boost)  
  10  0:18  Probe (Chrono Boost)  
  11  0:26  Probe  
  12  0:32  Pylon  
  12  0:38  Probe  
  13  0:51  Probe  
  13  0:55  Gateway  
  14  1:03  Probe (Chrono Boost)  
  15  1:05  Assimilator  
  15  1:14  Probe (Chrono Boost)  
  16  1:19  Probe (Chrono Boost)  
  17  1:29  Probe  
  18  1:42  Cybernetics Core  
  18  1:44  Probe  
  19  1:56  Probe  
  20  2:02  Nexus  
  20  2:09  Pylon  
  20  2:15  Assimilator  
  20  2:17  Probe  
  21  2:24  Adept (Chrono Boost)  
  21  2:29  Probe  
  24  2:38  Stargate  
  24  2:42  Probe  
  25  2:49  Adept  
  27  2:55  Probe  
  27  3:06  Shield Battery  
  27  3:08  Probe  
  28  3:19  Shield Battery  
  28  3:20  Probe  
  28  3:22  Adept  
  28  3:23  Probe  
  32  3:28  Phoenix (Chrono Boost)  
  34  3:35  Probe  
  34  3:36  Probe  
  34  3:38  Warp Gate  
  36  3:47  Probe, Phoenix (Chrono Boost)  
  39  3:51  Probe  
  40  3:59  Probe  
  40  4:02  Pylon  
  41  4:03  Probe  
  42  4:16  Pylon  
  42  4:20  Phoenix, Probe  
  45  4:30  Robotics Facility  
  46  4:31  Probe, Assimilator  
  46  4:37  Assimilator  
  46  4:38  Probe (Chrono Boost)  
  47  4:39  Pylon  
  47  4:43  Probe (Chrono Boost)  
  48  4:47  Phoenix  
  51  4:55  Probe x2 (Chrono Boost)  
  52  5:00  Probe (Chrono Boost)  
  52  5:01  Pylon  
  52  5:02  Probe (Chrono Boost)  
  54  5:08  Pylon  
  54  5:09  Probe  
  54  5:12  Phoenix  
  54  5:14  Probe  
  58  5:22  Probe  
  58  5:26  Probe  
  60  5:36  Immortal (Chrono Boost)  
  60  5:38  Phoenix  
  60  5:44  Robotics Bay  
  60  5:47  Shield Battery  
  60  5:50  Probe x2  
  62  5:57  Gateway x2  
  62  6:00  Gateway  
  62  6:05  Probe x2  
  62  6:08  Immortal (Chrono Boost)  
  68  6:16  Sentry  
  68  6:17  Probe x2  
  72  6:32  Extended Thermal Lance (Chrono Boost)  
  72  6:38  Probe x2  
  72  6:39  Colossus  
  74  6:42  Pylon  
  80  6:49  Nexus  
  80  6:54  Probe x2  
  82  6:56  Pylon  
  82  7:01  Sentry  
  84  7:03  Pylon  
  84  7:05  Stalker  
  86  7:11  Forge  
  86  7:13  Probe x2  
  88  7:23  Stalker x2  
  88  7:25  Probe x2  
  94  7:34  Colossus  
  100  7:45  Stalker x3  
  106  7:54  Pylon  
  106  7:55  Pylon  
  106  8:04  Probe x3  
  103  8:20  Phoenix  
  103  8:21  Probe x2  
  107  8:28  Probe  
  107  8:31  Forge  
  107  8:32  Assimilator  
  107  8:33  Probe  
  115  8:36  Gateway  
  115  8:39  Assimilator  
  115  8:40  Gateway  
  115  8:43  Probe x2  
  111  8:53  Stalker x4  
Tags
 
Add a new tag
Caveats
  • Supply blocks, unpowered buildings, or Contaminate may cause inaccurate times.
  • Supply counts are checked every 10 seconds.